 Dungeon Crawl Stone Soup version 0.22-a0-369-gc73351f (webtiles) character file.

60 Amnesiac the Magician (level 3, -5/27 HPs)
             Began as a Mummy Wizard on Apr 24, 2018.
             Slain by a worker ant (7 damage)
             ... on level 4 of the Dungeon.
             The game lasted 00:02:11 (928 turns).

Amnesiac the Magician (Mummy Wizard)                 Turns: 928, Time: 00:02:11

Health: -5/27      AC:  3    Str: 10    XL:     3   Next: 80%
Magic:  2/8        EV: 12    Int: 18    God:
Gold:   105        SH:  0    Dex: 10    Spells: 1/10 levels left

rFire    x . .     SeeInvis .   g - +0 hunting sling
rCold    + . .     Gourm    .   (no shield)
rNeg     + + +     Faith    .   a - +0 robe
rPois    ∞         Spirit   .   c - +0 helmet
rElec    .         Reflect  .   (no cloak)
rCorr    .         Harm     .   (no gloves)
MR       .....                  (no boots)
Stlth    ++........             (no amulet)
HPRegen  0.09/turn              (no ring)
MPRegen  0.11/turn              (no ring)

@: very slightly contaminated
A: no food or potions, fire vulnerability, cold resistance 1, negative energy
resistance 3, torment resistance, unbreathing
a: no special abilities


You were on level 4 of the Dungeon.
You were not hungry.

You visited 1 branch of the dungeon, and saw 4 of its levels.

You collected 105 gold pieces.

Inventory:

Hand Weapons
 d - a +2 spear
 g - a +0 hunting sling (weapon)
Missiles
 h - 7 stones (quivered)
Armour
 a - a +0 robe (worn)
 c - a +0 helmet (worn)
Scrolls
 e - a scroll of remove curse {!r}


   Skills:
 + Level 1.8 Fighting
 * Level 2.9 Dodging
 - Level 1.5 Stealth
 - Level 4.0 Spellcasting
 - Level 0.7 Conjurations
 - Level 0.7 Summonings
   Level 0.7 Translocations


You had one spell level left.
You knew the following spells:

 Your Spells              Type           Power        Failure   Level  Hunger
a - Magic Dart            Conj           #...         11%         1    N/A
b - Call Imp              Summ           #.......     17%         2    N/A
e - Mephitic Cloud        Conj/Pois/Air  #.......     38%         3    N/A
s - Conjure Flame         Conj/Fire      #.......     36%         3    N/A

Dungeon Overview and Level Annotations

Branches:
Dungeon (4/15)
 Temple: D:4-7

Altars:


Innate Abilities, Weirdness & Mutations

You do not eat or drink.
Your flesh is vulnerable to fire.
You are immune to poison.
Your flesh is cold resistant. (rC+)
You are immune to negative energy. (rN+++)
You are immune to unholy pain and torment.
You can survive without breathing.


Message History

Aim: an adder (severely wounded)
You shoot a stone. The stone closely misses the adder.
The stone barely misses the worker ant.
The adder bites you. x2
Firing (i - inventory)
h - 10 stones (quivered)
Press: ? - help, Shift-Dir - straight line, f/p - adder
Aim: an adder (severely wounded)
You shoot a stone. The stone hits the adder.
You kill the adder!
Casting: Magic Dart (safe; 11% risk of failure)
Confirm with . or Enter, or press ? or * to list all spells.
A beastly little devil appears in a puff of flame.
The worker ant bites you. x2
Casting: Call Imp (safe; 17% risk of failure)
Confirm with . or Enter, or press ? or * to list all spells.
A beastly little devil appears in a puff of flame.
The worker ant bites you.
* * * LOW HITPOINT WARNING * * *
You swap places.
Casting: Call Imp (safe; 17% risk of failure)
Confirm with . or Enter, or press ? or * to list all spells.
A beastly little devil appears in a puff of flame.
The worker ant bites you but does no damage.
The worker ant barely misses your crimson imp.
Your crimson imp blinks! x2
Firing (i - inventory)
h - 9 stones (quivered)
Press: ? - help, Shift-Dir - straight line, f - worker ant
Aim: a worker ant You shoot a stone.
The stone barely misses the worker ant.
The worker ant bites you.
* * * LOW HITPOINT WARNING * * *
Your crimson imp blinks!
The worker ant closely misses you. The worker ant bites you.
* * * LOW HITPOINT WARNING * * *
Your crimson imp blinks!
The worker ant closely misses your crimson imp.
Your crimson imp blinks!
The worker ant misses your crimson imp.
Found a scroll labeled ZOLEAR BAIR.
You see here a stone.
The worker ant closely misses your crimson imp.
Your crimson imp disappears in a puff of smoke!
Your crimson imp blinks!
Your crimson imp blinks!
Firing (i - inventory)
h - 8 stones (quivered)
Press: ? - help, Shift-Dir - straight line, f/p - worker ant
Aim: a worker ant (moderately wounded)
You shoot a stone. The stone hits the worker ant.
The worker ant is heavily wounded.
Unknown command.
The worker ant bites you.
* * * LOW HITPOINT WARNING * * *
The worker ant bites your crimson imp.
Your crimson imp blinks!
Casting: Call Imp (safe; 17% risk of failure)
Confirm with . or Enter, or press ? or * to list all spells.
You miscast Call Imp.
You are very lightly contaminated with residual magic.
The world appears momentarily distorted.
The worker ant waves its antennae.
The worker ant bites you.
* * * LOW HITPOINT WARNING * * *
The worker ant bites you!
You die...

....# ....#
###+#....#
#........#
#........#
#.<......+
#.(......#
#+####.(.(....#
.......5.@#####
.....(..a.#
..........#
....5(....#
...((..(..#
.........?#
.....####..
..... #... ....
#....


You could see a worker ant and 2 friendly crimson imps.

Vanquished Creatures
  4 adders
  An ooze (D:2)
  A leopard gecko (D:1)
  A bat (D:3)
  5 goblins
  A hobgoblin (D:1)
  A kobold (D:1)
  A quokka (D:3)
  3 frilled lizards (D:3)
  4 rats
22 creatures vanquished.

Notes
Turn   | Place    | Note
-------+----------+-------------------------------------------
     0 | D:1      | Amnesiac the Mummy Wizard began the quest for the Orb.
     0 | D:1      | Reached XP level 1. HP: 13/13 MP: 5/5
   238 | D:1      | Reached XP level 2. HP: 16/20 MP: 0/7
   287 | D:1      | Learned a level 2 spell: Call Imp
   462 | D:2      | Reached skill level 1 in Fighting
   563 | D:3      | Reached XP level 3. HP: 26/26 MP: 1/8
   570 | D:3      | Learned a level 3 spell: Conjure Flame
   574 | D:3      | Learned a level 3 spell: Mephitic Cloud
   928 | D:4      | Slain by a worker ant

Vault maps used:
D:1:      eino_arrival_tree_alley
D:2:      chequers_ecumenical_altar_lobes
D:3:      first_ration, uniq_sigmund
D:4:      grunt_temple_overflow_open, serial_shops, nicolae_shop_trees

Skill      XL: |  1  2 |
---------------+-------+-----
Dodging        | 2 |  2.9
Fighting       | 1 |  1.8
Stealth        | |  1.5
Spellcasting   | |  4.0
Conjurations   | |  0.7
Summonings     | |  0.7
Translocations | |  0.7

Action                   || total
-------------------------++-------
Melee: Spear             ||     1
 Fire: Hunting sling     ||    28
 Cast: Magic Dart        ||    39
       Call Imp          ||     3
  Use: Scroll            ||     6
Armor: Robe              ||     2
Dodge: Dodged            ||    12

Table legend:
 A = Spawn XP
 B = Non-spawn XP
 C = Spawn XP percentage of total XP
 D = Spawn monster count
 E = Non-spawn monster count
 F = Spawn count percentage of total count
 G = Total turns spent on level
                    A         B        C        D         E        F      G
               +---------+---------+-------+---------+---------+-------+---------
         Total |       0 |      86 |   0.0 |       0 |      22 |   0.0 |   928
               +---------+---------+-------+---------+---------+-------+---------
           D:1 |       0 |      15 |   0.0 |       0 |       8 |   0.0 |   288
           D:2 |       0 |      24 |   0.0 |       0 |       6 |   0.0 |   269
           D:3 |       0 |      33 |   0.0 |       0 |       7 |   0.0 |   346
           D:4 |       0 |      14 |   0.0 |       0 |       1 |   0.0 |    25
               +---------+---------+-------+---------+---------+-------+---------
